 Dungeon Crawl Stone Soup version 0.29.1-2-gbd0b4ee654 (webtiles) character file.

Game seed: 12353185503131771772

37 Firos the Changer (level 3, 0/34 HPs)
             Began as an Octopode Transmuter on Nov 8, 2022.
             Succumbed to miscasting Spider Form's poison
             ... on level 3 of the Dungeon.
             The game lasted 00:01:49 (1795 turns).

Firos the Changer (Octopode Transmuter)             Turns: 1795, Time: 00:01:50

Health: 0/34       AC: 21    Str:  9    XL:     3   Next: 41%
Magic:  2/6        EV:  2    Int: 17    God:
Gold:   85         SH:  0    Dex: 12    Spells: 1/7 levels left

rFire   . . .      SeeInvis .     - Unarmed
rCold   . . .      Faith    .   (no shield)
rNeg    . . .      Spirit   .   (helmet currently unavailable)
rPois   +          Reflect  .   (no amulet)
rElec   .          Harm     .   (no ring)
rCorr   .          Rampage  .   (no ring)
Will    .....      NoTele   +   (no ring)
Stlth   +.........              (no ring)
HPRegen 0.11/turn               (no ring)
MPRegen 0.10/turn               (no ring)
                                (no ring)
                                (no ring)

@: lethally poisoned (0 -> -2), tree-form, very slightly contaminated
A: stationary, stasis, torment immunity, boosted hp, almost no armour,
(amphibious), 8 rings, (camouflage 1), (gelatinous body 1), (nimble swimmer 1),
(tentacles)
a: no special abilities


You were on level 3 of the Dungeon.
You were a tree.
You visited 1 branch of the dungeon, and saw 3 of its levels.

You collected 85 gold pieces.

Inventory:

Scrolls
 b - a scroll of amnesia
 c - a scroll of teleportation {unknown}


   Skills:
 - Level 1.0 Fighting
 - Level 2.0 Dodging
 - Level 3.0 Unarmed Combat
 + Level 2.5 Spellcasting
 * Level 3.2 Transmutations


You had one spell level left.
You knew the following spells:

 Your Spells              Type           Power      Damage    Failure   Level
a - Beastly Appendage     Tmut           26%        N/A       4%          1
b - Wereblood             Tmut           13%        N/A       8%          2
c - Spider Form           Tmut/Pois      7%         N/A       28%         3

Your spell library contained the following spells:

 Spells                   Type           Power      Damage    Failure   Level
 Ice Form                 Ice/Tmut       7%         N/A       67%         4
 Blade Hands              Tmut           6%         N/A       80%         5
 Irradiate                Conj/Tmut      3%         3d12      95%         5
 Dragon Form              Tmut           6%         N/A       100%        7


Dungeon Overview and Level Annotations

Branches:
Dungeon (3/15)

Altars:

Annotations:
D:3 Jessica, Sigmund


Innate Abilities, Weirdness & Mutations

You are a tree.
Your roots penetrate the ground, keeping you stationary.
You cannot be teleported.
You are immune to unholy pain and torment.
Your maximum health is greatly increased.
You cannot wear most types of armour.
((You are amphibious.))
You can wear up to eight rings at the same time.
((Your skin changes colour to match your surroundings (Stealth+).))
((Your rubbery body absorbs attacks. (AC +1, EV +1)))
((You are camouflaged when in or above water. (Stealth+)))
((You have tentacles for arms and can constrict up to eight enemies at once.))


Message History

You tentacle-slap the orc. Your grab misses the orc.
The orc is almost dead.
The orc hits you with a +0 short sword.
You completely miss the orc. You grab the orc.
The orc is almost dead.
You constrict the orc.
You kill the orc!
Jessica gestures wildly while chanting.
Jessica blinks!
A rat comes into view.
You hear an angry hiss.
Casting: Beastly Appendage (safe; 4% risk of failure)
Confirm with . or Enter, or press ? or * to list all spells.
The spell is extremely dangerous to miscast (28% risk of failure)!
Continue anyway?
You miscast Spider Form.
You are very lightly contaminated with residual magic.
You feel rather nauseous for a moment!
You are poisoned.
You feel sick. The quokka bites you.
* * * LOW HITPOINT WARNING * * *
The endoplasm hits you.
* * * LOW HITPOINT WARNING * * *
An adder comes into view.
Really quaff the potion of lignification?
Your tentacle spike disappears.
You turn into a tree.
Your roots penetrate the ground.
You feel sick.
The adder hisses angrily.
The quokka barely misses you.
The endoplasm hits you but does no damage.
You smack the quokka!
You kill the quokka!
You feel sick. The endoplasm freezes you.
You are frozen.
* * * LOW HITPOINT WARNING * * *
You smack the endoplasm!
You kill the endoplasm!
* * * LOW HITPOINT WARNING * * *
You feel sick.
You die...

.... .... # #...
...### .... ##.#...
..... ....
.#..#.......@ ....
............ ..
#...#..r..S. #.#
#.#.....#.# ...
#.#...#.).#### ...#
##......#♣....#
....####.........###.#
#..............#
##..........†..#
#...###......#.....
....#.# #...........$.
#####.# #.....!.......
###..# #.......#.##..
#<..## ##.....##..)..


You could see an adder, Jessica and a rat.

Vanquished Creatures
  A dart slug (D:1)
  An orc (D:3)
  2 ball pythons
  4 endoplasms
  4 goblins
  5 hobgoblins
  3 quokkas
  2 bats
  A frilled lizard (D:1)
  3 kobolds
  4 rats
30 creatures vanquished.

Notes
Turn   | Place    | Note
-------+----------+-------------------------------------------
     0 | D:1      | Firos the Octopode Transmuter began the quest for the Orb.
     0 | D:1      | Reached XP level 1. HP: 13/13 MP: 3/3
   143 | D:1      | Reached XP level 2. HP: 18/18 MP: 5/5
   146 | D:1      | Learned a level 2 spell: Wereblood
   169 | D:1      | Found a faded altar of an unknown god.
   960 | D:2      | Reached XP level 3. HP: 20/23 MP: 6/6
   964 | D:2      | Learned a level 3 spell: Spider Form
  1731 | D:3      | Noticed Sigmund
  1788 | D:3      | Noticed Jessica
  1794 | D:3      | HP: 1/34 [poisoned by miscasting Spider Form]
  1795 | D:3      | Succumbed to miscasting Spider Form's poison

Illustrated notes

Levels and vault maps discovered:
D:1:      dpeg_arrival_rhombi, layout_rooms, ebering_ecumenical_altar_box,
          grunt_decor_junction
D:2:      layout_basic, chequers_jeans
D:3:      layout_rooms, minmay_checkerbox, uniq_sigmund, uniq_natasha,
          uniq_jessica

Skill      XL: |  1  2 |
---------------+-------+-----
Transmutations | 3 |  3.2
Fighting       | |  1.0
Dodging        | |  2.0
Unarmed Combat | |  3.0
Spellcasting   | |  2.5

Action                   || total
-------------------------++-------
Melee: Unarmed           ||    61
       Constrict         ||    18
       Tentacles         ||    12
       Kick              ||     6
 Cast: Beastly Appendage ||     6
  Use: Scroll            ||     1
       Potion            ||     1
 Stab: Sleeping          ||     4
Armor: Skin              ||     4
Dodge: Dodged            ||    36
